 Dungeon Crawl Stone Soup version 0.14.0-15-g6b16f67 (webtiles) character file.

270 Qrupt the Cutter (level 5, 0/54 HPs)
             Began as a Halfling Fighter on Apr 18, 2014.
             Succumbed to an orc's poison
             ... on Level 3 of the Dungeon.
             The game lasted 00:07:52 (2761 turns).

Qrupt the Cutter (Halfling Fighter)                 Turns: 2761, Time: 00:07:52

HP   0/54        AC 22     Str 14      XL: 5   Next: 80%
MP   5/5         EV  1     Int 13      God:
Gold 100         SH  4     Dex 16      Spells:  0 memorised,  4 levels left

rFire  . . .     SeeInvis .     a - +0,+1 cutlass
rCold  . . .     Clarity  .     b - melded +0 scale mail
rNeg   + + +     Conserve .     c - +0 buckler
rPois  +         rCorr    .     (no helmet)
rElec  .         rRot     .     (cloak currently unavailable)
SustAb . .       Spirit   .     (gloves currently unavailable)
rMut   .         Warding  +     (boots currently unavailable)
Saprov . . .     NoTele   +     k - amulet of warding {unknown}
MR     +....                    (no ring)
                                g - ring of protection from magic {unknown}

@: tree-form, brilliant, lethally poisoned, very slightly contaminated, hasted,
very quick, somewhat resistant to hostile enchantments, unstealthy
A: mutation resistance 1, slow metabolism 1
a: no special abilities


You were on level 3 of the Dungeon.
You were not hungry.
You were an animated tree.
You visited 1 branch of the dungeon, and saw 4 of its levels.

You collected 100 gold pieces.

Inventory:

Hand weapons
 a - a +0,+1 cutlass (weapon)
Armour
 b - a +0 scale mail (melded)
 c - a +0 buckler (worn)
Magical devices
 m - a wand of frost (9)
Comestibles
 d - a bread ration
 l - a choko
 p - 2 meat rations
 t - an apple
 v - an apricot
Scrolls
 h - a scroll of immolation
 n - 2 scrolls of identify {unknown}
 o - a scroll of teleportation
 s - a scroll of amnesia
Jewellery
 g - a ring of protection from magic (left branch) {unknown}
 k - an amulet of warding (around neck) {unknown}
Potions
 e - a potion of might


   Skills:
 + Level 3.3 Fighting
 + Level 4.3 Short Blades
 + Level 3.3 Armour
 + Level 4.3 Shields


You had 4 spell levels left.
You didn't know any spells.

Dungeon Overview and Level Annotations

Branches:
Dungeon (4/15)
 Temple: D:4-7

Altars:
Fedhas
Vehumet

Annotations:
D:3 exclusion: oklob plant


Innate Abilities, Weirdness & Mutations

You are small and have problems with some larger weapons.
You are somewhat resistant to further mutation.
You have a slow metabolism.


Message History

The orc is almost dead.
* * * LOW HITPOINT WARNING * * *
You feel sick.
You hit the orc.
You kill the orc!
* * * LOW HITPOINT WARNING * * *
You feel sick.
You cannot move.
You cannot move.
You cannot move.
You cannot move.
You cannot move.
You cannot move.
* * * LOW HITPOINT WARNING * * *
You feel sick.
* * * LOW HITPOINT WARNING * * *
You feel sick.
* * * LOW HITPOINT WARNING * * *
You feel sick.
You die...

.### ##.## #[##f♣#f.♣PPf#.####
...# ##.#.## #.##P#...P.P.#.# P
.#.###.###.####.############.# #
.#....## ##..##.# #.####
.#####.###.#.##.# #..... .###
##.#.##.##.## #####. ...#
##.###.##..# #..... ...#####.#
#.###)# #.#### ..(.)....# #.# #♣#
##.#### ....###### #.# #)#
######...... ........# #.# #.#
#........... ###.###.# #.# #.#
#.####..#### ##..)<.%# #.###)#
#.# #..## .....%###
#.....#####.####...### ....#.#
####....>.............
##.##.#########...####.####...###
##................# #.# #####


There were no monsters in sight!

Vanquished Creatures
  2 big fish (D:3)
  An orc wizard (D:3)
  An adder (D:3)
  A giant mite (D:3)
  An ooze (D:3)
  5 orcs (D:3)
  12 bats
  7 giant cockroaches
  7 hobgoblins
  4 jackals (D:3)
  3 quokkas (D:2)
  A ball python (D:2)
  9 giant newts
  6 goblins
  8 kobolds
  5 rats
73 creatures vanquished.

Notes
Turn   | Place    | Note
--------------------------------------------------------------
     0 | D:1      | Qrupt, the Halfling Fighter, began the quest for the Orb.
     0 | D:1      | Reached XP level 1. HP: 15/15 MP: 1/1
    87 | D:1      | Reached XP level 2. HP: 10/20 MP: 2/2
   714 | D:2      | Reached XP level 3. HP: 25/25 MP: 3/3
   862 | D:2      | Found a radiant altar of Vehumet.
  1583 | D:3      | Reached XP level 4. HP: 26/31 MP: 4/4
  1606 | D:3      | Found a blossoming altar of Fedhas.
  1632 | D:3      | Reached skill level 4 in Shields
  1774 | D:3      | Reached XP level 5. HP: 17/36 MP: 5/5
  1858 | D:3      | Noticed an oklob plant
  2744 | D:3      | HP: 1/36 [orc/hand axe of venom (1)]
  2759 | D:3      | HP: 2/54 [poisoned by an orc]
  2761 | D:3      | Succumbed to an orc's poison

Action                   |  1- 3 |  4- 6 || total
-------------------------+-------+-------++-------
Melee: Cutlass           |   180 |   122 ||   302
  Use: Scroll            |       |     6 ||     6
       Potion            |       |     4 ||     4
